 Dungeon Crawl Stone Soup version 0.30-a0-639-g3916f1956a (webtiles) character file.

Game seed: 7178982124592399014

15624 timneilson the Carver (level 12, -3/91 HPs)
             Began as a Demonspawn Gladiator on Jan 16, 2023.
             Was an Elder of Qazlal.
             Slain by Snorg (10 damage)
             ... on level 11 of the Dungeon.
             The game lasted 00:22:50 (10330 turns).

timneilson the Carver (Demonspawn Gladiator)       Turns: 10330, Time: 00:22:50

Health: -3/91      AC: 26    Str: 19    XL:     12   Next: 2%
Magic:  17/17      EV:  9    Int:  9    God:    Qazlal [****..]
Gold:   638        SH: 15    Dex: 16    Spells: 11/11 levels left

rFire   . . .      SeeInvis .    a - +1 long sword (protect)
rCold   . . .      Faith    .    B - +0 kite shield
rNeg    + . .      Spirit   .    t - +2 chain mail {rN+}
rPois   .          Reflect  .    (helmet restricted)
rElec   .          Harm     .    (no cloak)
rCorr   .          Rampage  .    j - +1 pair of gloves
Will    .....                    i - +2 pair of boots Stlth
                                 (no amulet)
HPRegen 0.35/turn                b - +4 ring of slaying
MPRegen 0.15/turn                (no ring)

@: under a protective aura, repel missiles
A: claws 2, horns 1, demonic guardian 3, powered by pain 2, weakness stinger 1
a: Renounce Religion, Upheaval, Elemental Force


You were on level 11 of the Dungeon.
You worshipped Qazlal.
Qazlal was greatly pleased with you.
You visited 2 branches of the dungeon, and saw 13 of its levels.
You also visited: Sewer and Bailey.

You collected 638 gold pieces.

Inventory:

Hand Weapons
 a - a +1 long sword of protection (weapon)
Missiles
 d - 4 throwing nets (quivered)
 e - a javelin
Armour
 i - a +2 pair of boots (worn)
 j - a +1 pair of gloves (worn)
 t - a +2 chain mail of positive energy (worn)
 B - a +0 kite shield (worn)
 C - a +0 plate armour
 E - a +1 helmet of intelligence
Jewellery
 b - a +4 ring of slaying (left hand)
 q - a ring of ice
 D - a +6 ring of intelligence
Wands
 o - a wand of flame (35)
 y - a wand of iceblast (15)
Scrolls
 h - a scroll of magic mapping
 k - 5 scrolls of fog
 p - 3 scrolls of enchant armour
 s - 3 scrolls of teleportation
 v - 3 scrolls of enchant weapon
 F - a scroll of summoning
 G - 2 scrolls of fear
Potions
 c - 2 potions of curing
 f - 3 potions of might
 g - 2 potions of haste
 l - 2 potions of magic
 m - 2 potions of cancellation
 n - 2 potions of attraction
 r - 4 potions of ambrosia
 u - a potion of heal wounds
 w - 2 potions of invisibility
 x - 3 potions of flight
 z - a potion of berserk rage
 A - 4 potions of brilliance
 H - a potion of mutation


   Skills:
 + Level 7.2 Fighting
 * Level 9.5 Long Blades
 - Level 1.7 Throwing
 * Level 9.0 Armour
 + Level 6.9 Dodging
 * Level 5.3 Shields
 + Level 7.3 Invocations
 + Level 5.6 Evocations


You had 11 spell levels left.
You didn't know any spells.
Your spell library contained the following spells:

 Spells                   Type           Power      Damage    Failure   Level
 Apportation              Tloc           0%         N/A       100%        1
 Beastly Appendage        Tmut           0%         N/A       100%        1
 Necrotise                Necr           0%         1d4       100%        1
 Slow                     Hex            0%         N/A       100%        1
 Summon Small Mammal      Summ           0%         N/A       100%        1
 Wereblood                Tmut           0%         N/A       100%        2
 Confusing Touch          Hex            0%         N/A       100%        3
 Dazzling Flash           Conj/Hex       0%         N/A       100%        3
 Frozen Ramparts          Ice            0%         1d1       100%        3
 Ignite Poison            Fire/Tmut/Pois 0%         N/A       100%        3
 Spider Form              Tmut/Pois      0%         N/A       100%        3
 Vampiric Draining        Necr           0%         2d6       100%        3
 Ice Form                 Ice/Tmut       0%         N/A       100%        4
 Sticky Flame             Conj/Fire      0%         2d3       100%        4
 Summon Ice Beast         Ice/Summ       0%         N/A       100%        4
 Agony                    Necr           0%         N/A       100%        5
 Silence                  Hex/Air        0%         N/A       100%        5
 Ignition                 Fire           0%         3d3       100%        8


Dungeon Overview and Level Annotations

Branches:
Dungeon (12/15)            Temple (1/1) D:5            Lair (0/5) D:11
    Orc (0/2) D:10          Sewer (visited)          Bailey (visited)

Altars:
Ashenzari
Cheibriados
Dithmenos
Fedhas
Gozag
Hepliaklqana
Kikubaaqudgha
Makhleb
Nemelex Xobeh
Okawaru
Qazlal
Ru
Sif Muna
Trog
Uskayaw
Vehumet
Wu Jian
Xom
Yredelemnul

Shops:
D:9 !

Annotations:
D:8 3 runed translucent doors, drugrobin's ghost, novice DgDe; purpskrrrp's ghost, novice GrFi
D:11 Snorg


Innate Abilities, Weirdness & Mutations

You have very sharp fingernails.
You have a pair of small horns on your head.
A powerful demonic guardian rushes to your aid.
You sometimes gain power by taking damage.
You have a small tail.


Message History

Something draws strength from your injuries!
You hit something.
Your weapon exudes an aura of protection.
Your headbutt misses something. You block Snorg's attack.
Snorg claws you but does no damage. You block Snorg's attack.
Something hits you but does no damage. Something bites you but does no damage.
You hit Snorg.
Snorg is lightly wounded.
You block Snorg's attack. x3; Something hits you but does no damage.
Something bites you but does no damage.
You hit Snorg. You headbutt Snorg. You tail-slap Snorg!
Snorg is lightly wounded.
Snorg goes berserk!
Something hits you but does no damage. Something bites you but does no damage.
You slash Snorg!
Snorg is lightly wounded.
Snorg bites you.
A demonic guardian appears!
Snorg claws you but does no damage. x2; You block something's attack.
Something completely misses you. You block Snorg's attack.
Snorg claws you but does no damage. x2
You hit Snorg. You tail-slap Snorg.
Snorg is moderately wounded.
You block Snorg's attack. x2; Snorg barely misses you.
Something hits you. Something bites you!
* * * LOW HITPOINT WARNING * * *
Something draws strength from your injuries!
You hit Snorg. You headbutt Snorg.
Snorg is moderately wounded.
Snorg completely misses you. You block Snorg's attack. Snorg claws you.
* * * LOW HITPOINT WARNING * * *
You hear some strange, mumbled words.
Something tries to affect you, but you resist.
You block Snorg's attack. Snorg claws you!
* * * LOW HITPOINT WARNING * * *
You block Snorg's attack.
Your soul eater barely misses something.
You slash Snorg!
Snorg is moderately wounded.
You block Snorg's attack. Snorg claws you!
You die...

...................#
###.###
...................#
###
#.##............).##
#.............>....#
#..#.............###
...#..........##...#
........#.........##
.......##........§.#
..............○T@†.#
...............{3.##
................☼..#
............#......#
.......<....##...###
.##...(.....######
..#..####.....#####
..##..# #....##...#
..###.# #..#......##


You could see Snorg (berserk) and a friendly soul eater (summoned).

Vanquished Creatures
  2 vault guards (Bailey)
  4 two-headed ogres
  2 boulder beetles (D:10)
  Pikel (D:7)
  A manticore (D:11)
  A komodo dragon (D:11)
  3 trolls
  A hornet (D:8)
  A blink frog (Bailey)
  Prince Ribbit (D:6)
  2 shadows (D:11)
  A slime creature (D:9)
  4 humans (Bailey)
  A wyvern (D:11)
  3 steam dragons
  A vampire mosquito (D:11)
  3 water moccasins
  2 acid dragons
  3 orc warriors
  A black bear (D:5)
  2 ice beasts
  2 ogres (D:5)
  3 centaurs
  2 kobold brigands (Sewer)
  7 bullfrogs
  2 scorpions (D:7)
  2 necrophages
  A gnoll sergeant (D:8)
  3 wights (D:6)
  5 killer bees
  6 howler monkeys
  2 crimson imps (D:9)
  A jelly (D:4)
  6 orc priests
  2 gnoll boudas
  4 hounds
  4 iguanas
  13 orc wizards
  Natasha (thrice) (D:4)
  7 gnolls
  15 adders
  2 shadow imps
  2 white imps
  2 worms
  A dart slug (D:2)
  34 orcs
  8 endoplasms
  4 giant cockroaches
  9 goblins
  10 hobgoblins
  3 jackals (D:4)
  A quokka (D:1)
  9 ball pythons
  2 bats
  3 frilled lizards
  11 kobolds
  7 rats
238 creatures vanquished.

Vanquished Creatures (collateral kills)
  A boulder beetle (D:11)
  A two-headed ogre (D:10)
  Grinder (D:3)
  2 wraiths (D:11)
  3 humans (Bailey)
  3 orc warriors (D:10)
  A phantom (D:4)
  A wight (D:6)
  2 killer bees (D:10)
  3 howler monkeys (D:7)
  2 orc wizards
  3 orcs
23 creatures vanquished.

Vanquished Creatures (others)
  An endoplasm (D:4)
  24 plants
  6 withered plants (D:8)
31 creatures vanquished.

Grand Total: 292 creatures vanquished

Notes
Turn   | Place    | Note
-------+----------+-------------------------------------------
     0 | D:1      | timneilson the Demonspawn Gladiator began the quest for the
                  | Orb.
     0 | D:1      | Reached XP level 1. HP: 16/16 MP: 1/1
   396 | D:1      | Gained mutation: You sometimes gain a little power by
                  | taking damage. [demonic ancestry]
   396 | D:1      | Reached XP level 2. HP: 22/22 MP: 2/2
   641 | D:2      | You fall into a shaft and drop 1 floor!
   671 | D:3      | Reached skill level 1 in Armour
   876 | D:2      | Gained mutation: A weak demonic guardian rushes to your
                  | aid. [demonic ancestry]
   876 | D:2      | Reached XP level 3. HP: 9/27 MP: 3/3
  1104 | D:2      | Identified the +10 short sword of a Labyrinth {protect,
                  | Str+4}
  1268 | D:2      | Found a faded altar of an unknown god.
  1436 | D:3      | Gained mutation: A demonic guardian rushes to your aid.
                  | [demonic ancestry]
  1436 | D:3      | Reached XP level 4. HP: 34/34 MP: 4/4
  1740 | D:3      | Noticed Grinder
  1751 | D:3      | Paralysed by Grinder for 4 turns
  1765 | D:3      | HP: 1/34 [Grinder (3)]
  1769 | D:3      | Paralysed by Grinder for 2 turns
  1772 | D:3      | Killed Grinder
  1773 | D:3      | Gained mutation: A powerful demonic guardian rushes to your
                  | aid. [demonic ancestry]
  1773 | D:3      | Reached XP level 5. HP: 18/41 MP: 5/5
  1773 | D:3      | Reached XP level 6. HP: 21/47 MP: 6/6
  2052 | D:4      | Found a radiant altar of Vehumet.
  2158 | D:4      | Found a shimmering blue altar of Sif Muna.
  2472 | D:4      | Found a shadowy altar of Dithmenos.
  2472 | D:4      | Noticed Natasha
  2478 | D:4      | Killed Natasha
  2607 | D:4      | Noticed Natasha
  2612 | D:4      | Killed Natasha
  2668 | D:4      | Noticed Natasha
  2674 | D:4      | Killed Natasha
  2675 | D:4      | Gained mutation: You sometimes gain power by taking damage.
                  | [demonic ancestry]
  2675 | D:4      | Reached XP level 7. HP: 43/52 MP: 7/7
  3010 | D:5      | Entered Level 5 of the Dungeon
  3020 | D:5      | Noticed a +0 falchion
  3020 | D:5      | Noticed a +0 spear
  3020 | D:5      | Noticed a +0 spear
  3022 | D:5      | Noticed a +0 dagger
  3023 | D:5      | Noticed a +0 dagger
  3064 | D:5      | Reached skill level 5 in Long Blades
  3140 | D:5      | Noticed a +0 short sword
  3140 | D:5      | Noticed a +0 short sword
  3141 | D:5      | Noticed a +0 falchion
  3148 | D:5      | Found a hide-covered altar of Uskayaw.
  3437 | D:5      | Reached XP level 8. HP: 60/60 MP: 8/8
  3557 | D:5      | Found a staircase to the Ecumenical Temple.
  3580 | Temple   | Entered the Ecumenical Temple
  3586 | Temple   | Became a worshipper of Qazlal Stormbringer
  3655 | D:5      | Reached skill level 5 in Armour
  3690 | D:5      | Found a burning altar of Makhleb.
  3851 | D:6      | Found a glowing drain.
  3882 | Sewer    | Entered a sewer
  4026 | Sewer    | Reached skill level 1 in Invocations
  4176 | Sewer    | Reached skill level 1 in Evocations
  4184 | Sewer    | Reached * piety under Qazlal
  4725 | D:6      | Noticed Prince Ribbit
  4735 | D:6      | Killed Prince Ribbit
  4736 | D:6      | Reached skill level 5 in Fighting
  4736 | D:6      | Reached skill level 5 in Dodging
  4736 | D:6      | Discovered your monstrous ancestry.
  4736 | D:6      | Gained mutation: You have a small tail. [demonic ancestry]
  4736 | D:6      | Reached XP level 9. HP: 41/68 MP: 9/11
  5351 | D:7      | Found a hazy altar of Hepliaklqana.
  5354 | D:7      | Found a snail-covered altar of Cheibriados.
  5459 | D:7      | Found a sparkling altar of Nemelex Xobeh.
  5676 | D:7      | Noticed Pikel
  5691 | D:7      | Killed Pikel
  5702 | D:7      | Found an ancient bone altar of Kikubaaqudgha.
  5862 | D:7      | Reached ** piety under Qazlal
  6329 | D:8      | Gained mutation: You have sharp fingernails. [demonic
                  | ancestry]
  6329 | D:8      | Reached XP level 10. HP: 66/76 MP: 13/13
  6690 | D:8      | Found a runed translucent gate.
  6691 | D:8      | Found a runed translucent gate.
  6691 | D:8      | Found a runed translucent gate.
  6692 | D:8      | Noticed drugrobin's ghost (novice DgDe)
  6693 | D:8      | Noticed purpskrrrp's ghost (novice GrFi)
  6777 | D:8      | Noticed a two-headed ogre
  6788 | D:8      | Killed a two-headed ogre
  6789 | D:8      | Reached skill level 1 in Shields
  7094 | D:8      | Paralysed by a hornet for 1 turns
  7111 | D:8      | Reached skill level 5 in Invocations
  7218 | D:9      | Found a blossoming altar of Fedhas.
  7262 | D:9      | Identified the +11 shortbow of the Trees {antimagic, Drain
                  | rElec Int+5 Stlth+}
  7327 | D:9      | Found a shimmering altar of Xom.
  7430 | D:9      | Found Baobboth's Distillery.
  7859 | D:10     | Entered Level 10 of the Dungeon
  7882 | D:10     | Noticed a two-headed ogre
  7892 | D:10     | Killed a two-headed ogre
  7964 | D:10     | Reached *** piety under Qazlal
  8038 | D:10     | Found a staircase to the Orcish Mines.
  8168 | D:10     | Identified the +4 spear of Okawaru's Condemnation {drain,
                  | SInv Stlth+}
  8175 | D:10     | Found a flagged portal.
  8225 | Bailey   | Entered a bailey
  8262 | Bailey   | Gained mutation: You have very sharp fingernails. [demonic
                  | ancestry]
  8262 | Bailey   | Reached XP level 11. HP: 56/83 MP: 15/15
  8413 | Bailey   | Noticed a vault guard
  8437 | Bailey   | Killed a vault guard
  8538 | Bailey   | Noticed a vault guard
  8555 | Bailey   | Killed a vault guard
  8770 | D:10     | Found Garas's Assorted Antiques.
  8923 | D:10     | Noticed a two-headed ogre
  8936 | D:10     | Killed a two-headed ogre
  9147 | D:10     | Found an iron altar of Okawaru.
  9148 | D:10     | Found a bloodstained altar of Trog.
  9154 | D:10     | Reached skill level 5 in Evocations
  9445 | D:11     | Noticed a boulder beetle
  9503 | D:11     | Noticed a two-headed ogre
  9504 | D:11     | Noticed a two-headed ogre
  9628 | D:11     | Noticed a boulder beetle
  9636 | D:10     | Killed a two-headed ogre
  9666 | D:10     | Killed a boulder beetle
  9680 | D:10     | Killed a boulder beetle
  9695 | D:10     | Killed a two-headed ogre
  9696 | D:10     | Reached skill level 5 in Shields
  9774 | D:11     | Reached **** piety under Qazlal
 10142 | D:11     | Found a staircase to the Lair.
 10280 | D:12     | Noticed a boulder beetle
 10284 | D:12     | Noticed Snorg
 10304 | D:12     | Noticed a boulder beetle
 10318 | D:11     | Killed a boulder beetle
 10319 | D:11     | Gained mutation: You have a pair of small horns on your
                  | head. [demonic ancestry]
 10319 | D:11     | Reached XP level 12. HP: 45/91 MP: 17/17
 10330 | D:11     | Slain by Snorg

Illustrated notes

Levels and vault maps discovered:
D:1:      lemuel_arrival_behind_the_door_large, layout_loops_cross
D:2:      layout_basic, shapermc_ecumenical_altar_totnotflames
D:3:      layout_loops_ring, mainiacjoe_overflow_cross_hatched, nrook_uturn,
          uniq_grinder
D:4:      layout_basic, mainiacjoe_overflow_six_doors_small,
          nicolae_dithmenos_shadow_blocks, fiery_altar_vehumet, uniq_natasha
D:5:      layout_basic, lemuel_tele_altar, nicolae_uskayaw_en_pointe,
          minmay_temple_entry_stoned_glass
D:6:      layout_loops_ring, gup_sewer_entry_glass, dreamdust_wishing_well,
          hangedman_decor_peaks_small, minmay_misc_feat_five, minivault_1,
          uniq_prince_ribbit1
D:7:      layout_loops_cross, nemelex_xobeh_ov_fountains_minmay,
          nicolae_overflow_hidden_temple, uniq_pikel
D:8:      layout_basic, gammafunk_ghost_cemetery, nicolae_grassy_gnolls
D:9:      layout_roguey, mainiacjoe_overflow_large_starburst, led_xom_imps,
          serial_shops, nicolae_shop_behind_doors, minmay_radiant
D:10:     layout_irregular_city, grunt_temple_overflow_bloody_war, david_orc_4,
          enter_bailey_8, serial_shops, shop
D:11:     layout_cave_pools, david_lair_shrubbed
D:12:     minmay_ornate_pinched, layout_cave_pods,
          gammafunk_ghost_fury_of_okawaru, kennysheep_okawaru_gauntlet,
          uniq_snorg, uniq_erolcha
Temple:   hellmonk_temple_two_chambers

Skill      XL: |  1  2  3  4  5  6  7  8  9 10 11 |
---------------+----------------------------------+-----
Long Blades    | 3 4 5 6 7 8 9 |  9.5
Armour         | 1 2 3 4 5 7 8 9 |  9.0
Dodging        | 3 4 5 6 |  6.9
Fighting       | 3 4 5 6 7 |  7.2
Invocations    | 2 4 5 7 |  7.3
Evocations     | 2 3 4 5 |  5.6
Shields        | 3 5 |  5.3
Throwing       | |  1.7

Action                   |  1- 3 |  4- 6 |  7- 9 | 10-12 || total
-------------------------+-------+-------+-------+-------++-------
Melee: Long sword        |    82 |    71 |   375 |   419 ||   947
       Punch             |     2 |     1 |    11 |       ||    14
       Tailslap          |       |       |    18 |    77 ||    95
       Headbutt          |       |       |       |     2 ||     2
  Use: Scroll            |     8 |     1 |    10 |     4 ||    23
       Potion            |       |     2 |     4 |     7 ||    13
Armor: Leather armour    |     2 |       |       |       ||     2
       Ring mail         |    33 |    37 |    18 |       ||    88
       Chain mail        |       |       |   297 |   306 ||   603
       Scale mail        |       |       |     3 |       ||     3
Dodge: Dodged            |    54 |    49 |   182 |   163 ||   448
       Repelled          |       |       |       |     1 ||     1
Block: Other             |       |       |     9 |       ||     9
       Kite shield       |       |       |       |   375 ||   375

Table legend: (Time is in decaauts)
 A = Elapsed time spent in this place.
 B = Non-inter-level travel time spent in this place.
 C = Inter-level travel time spent in this place.
 D = Time resting spent in this place.
 E = Time spent auto-exploring this place.
 F = Levels seen in this place.
 G = Mean time per level.
                   A        B        C        D        E       F      G
               +--------+--------+--------+--------+--------+-----+--------+
         Total |  10507 |  10171 |    336 |    258 |   7281 |  15 |  700.5 |
       Dungeon |   9602 |   9270 |    332 |    258 |   6794 |  12 |  800.2 |
        Temple |     20 |     16 |      4 |      0 |      9 |   1 |   20.0 |
         Sewer |    383 |    383 |      0 |      0 |    197 |   1 |  383.0 |
        Bailey |    500 |    500 |      0 |      0 |    281 |   1 |  500.0 |
               +--------+--------+--------+--------+--------+-----+--------+

Top non-repeatable levels by time:
    D:10: 1294 daAuts
     D:6: 1242 daAuts
     D:8: 1096 daAuts
     D:4: 969 daAuts
     D:3: 870 daAuts
     D:5: 753 daAuts
     D:7: 752 daAuts
     D:9: 709 daAuts
    D:11: 690 daAuts
     D:1: 645 daAuts
     D:2: 561 daAuts
  Bailey: 500 daAuts
   Sewer: 383 daAuts
  Temple: 20 daAuts
    D:12: 16 daAuts
